 Dungeon Crawl Stone Soup version 0.32-a0-42-ga30500b4d3 (webtiles) character file.

Game seed: 12221311308107382940

340927 Newt the Thanatomancer (level 21, 0/142 (146) HPs)
             Began as a Demonspawn Gladiator on Jan 26, 2024.
             Was the Champion of Hepliaklqana.
             Slain by a war gargoyle
             ... wielding a +3 dire flail of draining
              (7 damage)
             ... on level 5 of the Vaults on Jan 28, 2024.
             The game lasted 01:37:00 (39964 turns).

Newt the Thanatomancer (Demonspawn Gladiator)      Turns: 39964, Time: 01:37:00

HP:   0/142 (146)   AC: 23    Str: 21    XL:     21   Next: 8%
MP:   31/38         EV: 13    Int: 11    God:    Hepliaklqana [******]
Gold: 1711          SH: 15    Dex: 15    Spells: 22/46 levels left

rFire   + + +        E - +5 demon trident (spect)
rCold   + + +        u - +3 buckler {reflect}
rNeg    + . .        e - +4 skin of Zhor {*Englaciate rC+++ SInv}
rPois   +            S - +2 hat of the Baku {rElec rCorr Int-2 Dex-2}
rElec   +            q - +2 cloak {Stlth+}
rCorr   +            t - +0 pair of fencer's gloves {Riposte Dex+3}
SInv    +            (boots unavailable)
Will    +....        N - amulet of reflection
Stlth   +++          m - ring "Ukusun" {rF++ rN+ Str-4 Slay+6}
HPRegen 5.43/turn    G - ring "Xumateask" {rPois rF++ rCorr Int+3}
MPRegen 0.26/turn

%: reflection
@: about to teleport, marked, fugue, sanguine armoured, animating dead
(expiring), lightly drained
A: reduced essence, hooves 3, powered by death 3, spiny 2, sanguine armour 2
}: 2/15 runes: decaying, gossamer
a: Renounce Religion, Recall Ancestor, Ancestor Identity, Transference, Idealise


You were on level 5 of the Vaults.
You worshipped Hepliaklqana.
Hepliaklqana was exalted by your worship.
You visited 7 branches of the dungeon, and saw 36 of its levels.
You also visited: Gauntlet and Ice Cave.

You collected 5876 gold pieces.
You spent 4165 gold pieces at shops.

Inventory:

Hand Weapons
 a - a +3 antimagic demon trident
 b - a +2 heavy demon trident
 E - a +5 spectral demon trident (weapon)
Armour
 c - a +2 hat of see invisible
 e - the +4 skin of Zhor (worn) {*Englaciate rC+++ SInv}
   (You found it on level 2 of the Lair of Beasts)

   *Englaciate: It radiates cold, occasionally slowing all nearby creatures who
   are not resistant to cold.
   rC+++:     It renders you almost immune to cold.
   SInv:      It lets you see invisible.
 q - a +2 cloak of stealth (worn)
 t - the +0 pair of fencer's gloves (worn) {Riposte Dex+3}
   (You bought it in a shop on level 8 of the Dungeon)

   Riposte:   It allows the wearer to riposte with melee weapons, swiftly
   retaliating against missed or blocked melee attacks.
   Dex+3:     It affects your dexterity (+3).
 u - a +3 buckler of reflection (worn)
 S - the +2 hat of the Baku (worn) {rElec rCorr Int-2 Dex-2}
   (You found it on level 4 of the Spider Nest)

   Int-2:     It affects your intelligence (-2).
   Dex-2:     It affects your dexterity (-2).
   rElec:     It insulates you from electricity.
   rCorr:     It protects you from acid and corrosion.
 X - the +1 pair of boots of the New World {Harm Rampage Regen+ Int-2}
   (You found it in a Gauntlet)

   Int-2:     It affects your intelligence (-2).
   Regen+:    It increases your rate of health regeneration.
   Harm:      It increases damage dealt and taken.
   Rampage:   It bestows one free step when moving towards enemies.
Jewellery
 d - a ring of protection from cold
 i - an amulet of faith
 m - the ring "Ukusun" (left hand) {rF++ rN+ Str-4 Slay+6}
   (You bought it in a shop on level 15 of the Dungeon)

   [ring of positive energy]

   Str-4:     It affects your strength (-4).
   Slay+6:    It affects your accuracy & damage with ranged weapons and melee
   (+6).
   rF++:      It greatly protects you from fire.
   rN+:       It protects you from negative energy.
 y - a ring of protection from fire
 G - the ring "Xumateask" (right hand) {rPois rF++ rCorr Int+3}
   (You acquired it on level 9 of the Dungeon)

   [ring of poison resistance]

   Int+3:     It affects your intelligence (+3).
   rF++:      It greatly protects you from fire.
   rPois:     It protects you from poison rCorr: It protects you from acid and
   corrosion.
 K - a ring of resist corrosion
 N - an amulet of reflection (around neck)
 Y - a ring of protection from fire
 Z - the ring "Keaf" {Wiz Str+4}
   (You found it in a Gauntlet)

   [ring of wizardry]

   Wiz:       It improves your spell success rate.
   Str+4:     It affects your strength (+4).
Wands
 B - a wand of digging (19)
 F - a wand of mindburst (15)
 I - a wand of flame (33)
 J - a wand of charming (15)
 Q - a wand of iceblast (46)
 T - a wand of polymorph (40)
 U - a wand of acid (18)
Scrolls
 h - a scroll of brand weapon
 l - a scroll of revelation
 o - 13 scrolls of teleportation
 r - a scroll of blinking
 x - 2 scrolls of fear
 z - 2 scrolls of silence
 O - a scroll of enchant armour
 V - 11 scrolls of identify
Potions
 f - 8 potions of brilliance
 g - 5 potions of heal wounds
 j - a potion of haste
 k - 13 potions of curing
 n - a potion of invisibility
 w - a potion of berserk rage
 A - 8 potions of ambrosia
 H - 3 potions of mutation
 M - 4 potions of enlightenment
 R - 2 potions of might
 W - 4 potions of cancellation
Miscellaneous
 s - a lightning rod (4/4)
 v - a tin of tremorstones (inert)
 C - a phial of floods
 P - a sack of spiders


   Skills:
 + Level 13.6 Fighting
 - Level 4.0 Short Blades
 + Level 12.4 Polearms
 - Level 1.7 Throwing
 + Level 11.2 Armour
 - Level 4.0 Dodging
 - Level 3.0 Stealth
 - Level 10.0 Shields
 - Level 13.2 Spellcasting
 - Level 9.2 Summonings
 - Level 25.0 Necromancy
 - Level 9.0 Invocations
 - Level 8.0 Evocations


You had 22 spell levels left.
You knew the following spells:

 Your Spells              Type           Power      Damage    Failure   Level
a - Animate Dead          Necr           58%        N/A       0%          4
b - Martyr's Knell        Necr/Summ      45%        N/A       1%          4
c - Curse of Agony        Necr           58%        N/A       0%          5
d - Infestation           Necr           29%        N/A       2%          8
e - Fugue of the Fallen   Necr           58%        N/A       0%          3

Your spell library contained the following spells:

 Spells                   Type           Power      Damage    Failure   Level
 Necrotise                Necr           100%       1d9       0%          1
 Sublimation of Blood     Necr           58%        N/A       0%          2
 Vampiric Draining        Necr           58%        2d10      0%          3
 Call Imp                 Summ           54%        N/A       1%          2
 Cigotuvi's Dreadful Rot  Necr/Alch/Air  50%        N/A       1%          2
 Call Canine Familiar     Summ           27%        N/A       1%          3
 Anguish                  Hex/Necr       17%        N/A       1%          4
 Borgnjor's Revivificati  Necr           29%        N/A       2%          8
 Summon Ice Beast         Ice/Summ       17%        N/A       4%          3
 Haunt                    Necr/Summ      22%        N/A       8%          7
 Sandblast                Erth           14%        2d6       11%         1
 Blink                    Tloc           14%        N/A       16%         2
 Ensorcelled Hibernation  Hex/Ice        14%        N/A       16%         2
 Lesser Beckoning         Tloc           14%        N/A       16%         2
 Momentum Strike          Conj/Tloc      14%        3d8       16%         2
 Dazzling Flash           Conj/Hex       14%        N/A       32%         3
 Gell's Gravitas          Tloc           7%         N/A       32%         3
 Inner Flame              Hex/Fire       7%         N/A       32%         3
 Passwall                 Erth           7%         N/A       32%         3
 Stone Arrow              Conj/Erth      14%        3d7       32%         3
 Swiftness                Air            7%         N/A       32%         3
 Teleport Other           Tloc           7%         N/A       32%         3
 Tukima's Dance           Hex            7%         N/A       32%         3
 Volatile Blastmotes      Fire/Tloc      14%        2d11      32%         3
 Death's Door             Necr           29%        N/A       36%         9
 Summon Mana Viper        Hex/Summ       17%        N/A       41%         5
 Brom's Barrelling Bould  Conj/Erth      7%         2d3       71%         4
 Cause Fear               Hex            3%         N/A       71%         4
 Dimensional Bullseye     Hex/Tloc       3%         N/A       71%         4
 Flame Wave               Conj/Fire      7%         2d5       71%         4
 Fulminant Prism          Conj/Alch      3%         3d5       71%         4
 Ignite Poison            Fire/Alch      7%         N/A       71%         4
 Iskenderun's Mystic Bla  Conj/Tloc      7%         2d4       71%         4
 Leda's Liquefaction      Alch/Erth      3%         N/A       71%         4
 Passage of Golubria      Tloc           7%         N/A       71%         4
 Sticky Flame             Fire/Alch      7%         2d4       71%         4
 Monstrous Menagerie      Summ           13%        N/A       89%         7
 Summon Hydra             Summ           13%        N/A       89%         7
 Fireball                 Conj/Fire      3%         3d4       96%         5
 Freezing Cloud           Conj/Ice/Air   3%         6-21      96%         5
 Iskenderun's Battlesphe  Conj           7%         2d6       96%         5
 Lee's Rapid Deconstruct  Erth           3%         3d5*      96%         5
 Silence                  Hex/Air        3%         N/A       96%         5
 Conjure Ball Lightning   Conj/Air       3%         3x3d6     100%        6
 Dispersal                Tloc           3%         N/A       100%        6
 Starburst                Conj/Fire      3%         6d3       100%        6
 Orb of Destruction       Conj           3%         9d5       100%        7
 Lehudib's Crystal Spear  Conj/Erth      3%         10d3      100%        8
 Maxwell's Capacitive Co  Air            3%         ∞         100%        8
 Dragon's Call            Summ           13%        N/A       100%        9


Dungeon Overview and Level Annotations

Branches:
Dungeon (15/15)            Temple (1/1) D:7            Lair (5/5) D:8
  Swamp (4/4) Lair:2       Spider (4/4) Lair:2        Slime (0/5) Lair:4
    Orc (2/2) D:12            Elf (0/3) Orc:2        Vaults (5/5) D:13
  Crypt (0/3) Vaults:3     Depths (0/4) D:15          IceCv (visited)
Gauntlet (visited)

Altars:
Ashenzari
Cheibriados
Dithmenos
Fedhas
Gozag
Hepliaklqana
Kikubaaqudgha
Makhleb
Nemelex Xobeh
Okawaru
Qazlal
Ru
Sif Muna
Trog
Uskayaw
Vehumet
Wu Jian
Xom
Yredelemnul

Shops:
D:8 [   D:10 :[([*   D:15 ?!:?=   Orc:1 *   Orc:2 *[=(   Vaults:4 =:=

Annotations:
D:5 3 runed translucent doors, knightboat's ghost, novice DsMo; knightboat's ghost, weakling TrDe


Innate Abilities, Weirdness & Mutations

Your life essence is reduced to manifest your ancestor. (-10% HP)
You have hooves in place of feet.
You regenerate a lot of health from kills.
You are mostly covered in sharp spines.
When seriously injured, your blood forms thick armour. (AC +9)


Message History

Your +5 spectral demon trident disappears.
The damnation engulfs your vault guard zombie!!
* * * LOW HITPOINT WARNING * * *
The titan hits your ironbound convoker zombie!
Your ironbound convoker zombie is destroyed!
Your deep elf annihilator zombie hits the stone giant but does no damage.
An ironbound convoker comes into view. It is wielding a +0 great mace.
Unknown command.
Unknown command.
Unknown command.
As you read the scroll of teleportation, it crumbles to dust.
You feel strangely unstable. You block the war gargoyle's attack.
Publia hits the shadow dragon with a +0 broad axe of flaming.
Publia burns the shadow dragon.
Publia barely misses the iron dragon.
Publia hits the titan with a +0 broad axe of flaming.
Publia burns the titan.
Publia hits the yaktaur captain but does no damage.
Publia barely misses the deep elf high priest.
Publia blocks the yaktaur captain's attack.
Your vault guard zombie barely misses the stone giant.
The deep elf high priest shoots an arrow.
The arrow hits your vault guard zombie.
The stone giant hits your deep elf annihilator zombie!
Your stone giant zombie hits the deep elf high priest!!
The deep elf high priest invokes the aid of its god against you.
Something smites you!
* * * LOW HITPOINT WARNING * * *
Your deep elf high priest zombie hits the stone giant but does no damage.
The vault sentinel casts a spell at you.
The mark upon you grows brighter.
Your stone giant zombie hits the stone giant!
The stone giant dies!
The dead are walking!
Unknown command.
You feel much better.
The wailing of tortured souls fills the air!
The war gargoyle hits you with a +3 dire flail of draining!!!
* * * LOW HITPOINT WARNING * * *
You partially resist.
You feel drained.
You die...

##. #....# #o..#. #.c
#....# .#.#.# ...#
#....# ..#..
...##....##.#.#.#
#..#...)#.#...
#.c.pDDp[..#
########(..eR).)######
.........ZZZCc[.......
...D...@Z(<[Zp........
.......9Z..<<..)......
........W.............
########..C...Z.########
#......$e)........
..[#...[#.........
..[##....#..###..#. ...#
#.../#..#......
#....#..#......


You could see the friendly Publia the knight (fast, reflecting), 2 shadow
dragons, an iron dragon, a titan (empowered), a stone giant, 2 yaktaur captains,
a war gargoyle (ally target), 2 vault sentinels, 2 deep elf high priests, an
ironbound convoker (empowered), a friendly flayed ghost (summoned, slow), a
friendly deep elf high priest zombie, a friendly deep elf annihilator zombie, 3
friendly stone giant zombies and 2 friendly vault guard zombies.

Vanquished Creatures
  A lich (Vaults:4)
  A searing wretch (Vaults:4)
  A sphinx (Vaults:5)
  A titan (Vaults:5)
  2 shadow dragons
  The ghost of Bith the Impaler, an adept GnWn of Okawaru (Swamp:2)
  5 vault wardens
  5 emperor scorpions
  An orc warlord (Vaults:2)
  3 ghost moths
  A quicksilver ooze (Gauntlet)
  A very ugly thing (Vaults:3)
  8 ironbound thunderhulks
  3 stone giants
  3 formless jellyfish
  13 ironbound preservers
  3 broodmothers
  A deep elf annihilator (Vaults:5)
  2 eleionomae (Swamp:4)
  A war gargoyle (Vaults:4)
  2 bunyips
  10 dire elephants
  A minotaur (Gauntlet)
  A spark wasp (Spider:4)
  Snorg (D:12)
  3 ettins
  A crystal guardian (Vaults:4)
  2 fire dragons
  Josephine (Lair:5)
  4 entropy weavers
  3 yaktaur captains
  8 great orbs of eyes
  2 shambling mangroves (Swamp:4)
  2 deep elf high priests
  13 hydras
  2 peacekeepers
  A rakshasa (D:15)
  24 vault guards
  9 centaur warriors
  2 ogre magi (D:15)
  2 radroaches (Spider:4)
  3 ironbound frosthearts (Vaults:2)
  3 boulder beetles
  A ghost crab (Swamp:4)
  2 alligators
  A catoblepas (Lair:5)
  A jorogumo (Spider:2)
  7 two-headed ogres
  3 tengu warriors
  6 demonic crawlers
  7 death yaks
  2 orc high priests (Orc:2)
  2 spriggans (Swamp:1)
  Sonja (Lair:1)
  A skyshark (Lair:4)
  A spectral bunyip (Swamp:2)
  A hell knight (Vaults:4)
  4 pharaoh ants
  A spriggan druid (Swamp:1)
  5 orb spiders
  2 sun moths (Spider:2)
  A spectral hydra (Swamp:2)
  A spriggan rider (Swamp:4)
  6 swamp dragons
  A glowing orange brain (Vaults:2)
  29 deep trolls
  3 phantasmal warriors
  7 lindwurms
  A goliath frog (Swamp:3)
  5 arcanists
  2 bog bodies
  A harpy (Vaults:3)
  3 necromancers
  10 ironbound convokers
  4 steelbarb worms
  A deep elf zephyrmancer (D:15)
  2 deep elf pyromancers
  11 ugly things
  A glowing shapeshifter (Vaults:2)
  4 orc sorcerers (Orc:2)
  3 orc knights
  22 wolf spiders
  5 cyclopes
  3 moths of wrath
  4 meliai
  3 will-o-the-wisps (Swamp:4)
  4 manticores
  2 ice statues (IceCv)
  A kobold blastminer (Orc:2)
  7 black mambas
  8 centaur zombies
  6 elephants
  10 vault sentinels
  7 torpor snails
  3 cane toads
  Jeremiah (D:6)
  2 gargoyles
  2 centaur skeletons (D:10)
  A kobold demonologist (D:13)
  4 komodo dragons
  13 yaktaurs
  An efreet (D:13)
  12 rime drakes
  A tengu conjurer (D:15)
  A merfolk (shapeshifter) (Vaults:3)
  A bloated husk (Swamp:4)
  4 trolls
  2 polar bears (Lair:1)
  A hornet (shapeshifter) (D:15)
  5 tyrant leeches
  8 hornets
  20 tarantellas
  3 dream sheep (Lair:5)
  9 blink frogs
  18 jumping spiders
  21 slime creatures
  14 culicivoras
  A jumping spider (shapeshifter) (D:13)
  Eustachio (D:6)
  A dire elephant simulacrum (IceCv)
  A centaur simulacrum (D:15)
  6 wyverns
  A warg (Orc:1)
  4 wraiths
  2 fire elementals (Gauntlet)
  39 yaks
  37 redbacks
  A basilisk (Lair:5)
  2 steam dragons (D:8)
  A spriggan simulacrum (Swamp:2)
  5 vampire mosquitoes
  8 swamp worms
  An acid dragon (D:10)
  9 water moccasins
  A death drake simulacrum (Swamp:2)
  A hydra simulacrum (Swamp:2)
  2 hell hounds (Gauntlet)
  2 swamp drakes (Swamp:4)
  2 sky beasts
  20 orc warriors
  A black bear (shapeshifter) (D:13)
  5 centaurs
  7 ogres
  6 wolves
  A phantom (D:5)
  14 bullfrogs
  2 kobold brigands
  2 gnoll sergeants
  2 scorpions (D:5)
  11 wights
  14 killer bees
  An elephant simulacrum (IceCv)
  3 howler monkeys
  4 electric eels
  A bombardier beetle (D:6)
  A human zombie (D:10)
  6 hounds
  14 orc priests
  A gnoll bouda (D:4)
  A sleepcap (D:6)
  4 iguanas
  29 orc wizards
  A polar bear simulacrum (IceCv)
  2 wolf simulacra (Lair:2)
  20 gnolls
  4 adders
  A shadow imp (D:6)
  3 white imps
  3 orc zombies (Orc:2)
  3 dart slugs
  4 ribbon worms
  51 orcs
  5 endoplasms
  2 giant cockroaches (D:3)
  8 goblins
  6 hobgoblins
  6 jackals
  11 kobolds
  3 quokkas
  9 ball pythons
  7 bats
  3 frilled lizards
  3 rats
963 creatures vanquished.

Vanquished Creatures (collateral kills)
  An ancient lich (Vaults:5)
  Mara (Spider:3)
  Margery (Vaults:4)
  Arachne (Spider:3)
  A bone dragon (Vaults:3)
  A titan (Vaults:5)
  A quicksilver dragon (Vaults:5)
  A sphinx (Vaults:3)
  A shadow dragon (Vaults:5)
  Agnes (Spider:3)
  2 storm dragons (Vaults:5)
  A tengu reaver (Vaults:2)
  A thorn hunter (Swamp:4)
  2 emperor scorpions
  A fenstrider witch (Swamp:4)
  2 frost giants (Vaults:3)
  7 vault wardens
  A ghost moth (Spider:1)
  7 ironbound preservers
  2 stone giants (Vaults:5)
  A broodmother (Spider:4)
  2 ironbound thunderhulks
  The ghost of Newt the Markskobold, a journeyman KoHu of Okawaru (Lair:3)
  4 very ugly things
  An eleionoma (Swamp:4)
  A formless jellyfish (Vaults:3)
  A deep elf annihilator (Vaults:5)
  6 dire elephants
  A bunyip (Swamp:3)
  2 ettins
  6 yaktaur captains
  An entropy weaver (Vaults:1)
  A rakshasa (D:15)
  9 vault guards
  2 deep elf high priests (Vaults:5)
  5 great orbs of eyes
  5 radroaches
  An ogre mage (Vaults:5)
  3 two-headed ogres
  8 hydras
  5 ironbound frosthearts
  A dancing weapon (Vaults:5)
  3 death yaks
  A jorogumo (Spider:1)
  A ghost crab (Swamp:1)
  A boulder beetle (Vaults:2)
  A demonic crawler (Spider:1)
  A hell knight (Vaults:4)
  An emperor scorpion zombie (Spider:3)
  A pharaoh ant (Spider:2)
  4 goliath frogs
  18 deep trolls
  2 orb spiders
  2 arcanists
  2 sun moths
  3 bog bodies
  3 spriggan druids
  9 ironbound convokers
  2 necromancers
  3 lindwurms
  7 swamp dragons
  A deep elf pyromancer (D:14)
  An orc knight (Vaults:2)
  2 steelbarb worms (Spider:3)
  2 manticores
  An ugly thing zombie (Vaults:3)
  5 wolf spiders
  5 ugly things
  A cyclops (D:15)
  A will-o-the-wisp (Swamp:2)
  A moth of wrath (Spider:4)
  2 meliai
  2 kobold blastminers
  6 elephants
  4 vault sentinels
  A black mamba (shapeshifter) (Vaults:5)
  3 centaur zombies (D:15)
  4 torpor snails
  5 cane toads
  An unseen horror (D:13)
  A rime drake (Lair:5)
  2 efreet
  11 yaktaurs
  A tengu conjurer (D:13)
  A freezing wraith (Vaults:5)
  3 komodo dragons
  A spectral death drake (Swamp:2)
  A queen bee (Gauntlet)
  2 polar bears
  5 hornets
  7 tarantellas
  8 tyrant leeches
  5 blink frogs
  A meliai zombie (D:10)
  4 slime creatures
  A tarantella zombie (Spider:4)
  A jumping spider (shapeshifter) (D:15)
  4 jumping spiders
  2 wraiths
  5 culicivoras
  A fire elemental (Gauntlet)
  Grum (Lair:1)
  19 yaks
  2 vampire mosquitoes
  A steam dragon (D:9)
  13 redbacks
  9 swamp worms
  2 water moccasins
  A hell hound (Gauntlet)
  6 orc warriors
  3 swamp drakes (Swamp:4)
  4 wolves
  3 centaurs
  A bullfrog (Lair:4)
  A killer bee (D:10)
  2 howler monkeys (D:10)
  An electric eel (D:10)
  A lava snake (D:8)
  9 orc priests (Orc:2)
  A gnoll bouda (D:8)
  19 orc wizards
  2 polar bear simulacra
  A wolf simulacrum (IceCv)
  A gnoll (D:11)
  16 orcs
402 creatures vanquished.

Vanquished Creatures (others)
  Asterion (Spider:1)
  A peacekeeper (Vaults:4)
  A quicksilver ooze zombie (Gauntlet)
  An ogre zombie (Vaults:4)
  A bunyip zombie (Swamp:4)
  4 ugly thing zombies
  A broodmother zombie (Spider:4)
  3 wolf spider zombies
  An eleionoma zombie (Swamp:4)
  A stone giant zombie (Vaults:5)
  3 dire elephant zombies (Vaults:4)
  Joseph (D:10)
  2 swamp worm zombies
  A rime drake (Lair:5)
  An orb spider zombie (Spider:1)
  12 human zombies
  6 redback zombies
  A hornet (Swamp:4)
  2 bloated husks
  2 hydra zombies (Swamp:4)
  3 tarantella zombies
  4 culicivora zombies
  3 meliai zombies (Spider:3)
  4 jumping spider zombies
  An ettin zombie (Vaults:5)
  2 black mamba zombies
  A spriggan (Swamp:4)
  2 culicivoras
  6 slime creature zombies
  2 tyrant leech zombies (Swamp:3)
  2 spriggan zombies (Swamp:4)
  A water moccasin (Lair:2)
  A deep troll zombie (Vaults:2)
  A swamp worm (Swamp:1)
  An elephant zombie (Lair:5)
  A swamp dragon zombie (Swamp:4)
  2 blink frog zombies
  2 rime drake zombies (Lair:2)
  5 yaktaur zombies
  2 komodo dragon zombies
  A kobold brigand (D:8)
  A water moccasin zombie (Lair:5)
  11 yak zombies
  A queen bee zombie (Gauntlet)
  A troll zombie (Orc:1)
  19 knights
  4 wolf zombies
  A centaur zombie (D:12)
  8 ancestors
  4 killer bee zombies (Gauntlet)
  A swamp drake zombie (Swamp:4)
  12 orc zombies
  17 foxfires
  33 spectral weapons
206 creatures vanquished.

Grand Total: 1571 creatures vanquished

Notes
Turn   | Place    | Note
-------+----------+-------------------------------------------
     0 | D:1      | Newt the Demonspawn Gladiator began the quest for the Orb.
     0 | D:1      | Reached XP level 1. HP: 16/16 MP: 1/1
    44 | D:1      | Found a faded altar of an unknown god.
   283 | D:1      | Gained mutation: You regenerate a little health from kills.
                  | [demonic ancestry]
   283 | D:1      | Reached XP level 2. HP: 18/22 MP: 2/2
   923 | D:2      | Reached XP level 3. HP: 17/28 MP: 3/3
  1214 | D:2      | Reached XP level 4. HP: 34/34 MP: 4/4
  1596 | D:2      | Gained mutation: When seriously injured, your blood forms
                  | armour. (AC +9) [demonic ancestry]
  1596 | D:2      | Reached XP level 5. HP: 41/41 MP: 5/5
  2097 | D:3      | Found a burning altar of Makhleb.
  2097 | D:3      | Noticed a green death
  2100 | D:3      | Noticed a ynoxinul
  2100 | D:3      | Noticed an orange demon
  2172 | D:3      | Got Peups's Papyrus of the Productive Sun
  2431 | D:3      | Identified the ring "Ruotror" {Fire Dex+5}
  3048 | D:4      | Gained mutation: You are partially covered in sharp spines.
                  | [demonic ancestry]
  3048 | D:4      | Reached XP level 6. HP: 27/48 MP: 6/6
  3052 | D:4      | Reached skill level 1 in Polearms
  3089 | D:4      | Reached skill level 1 in Stealth
  3409 | D:4      | Found a stormy altar of Qazlal.
  3519 | D:5      | Entered Level 5 of the Dungeon
  3552 | D:5      | Gained mutation: When seriously injured, your blood forms
                  | thick armour. (AC +9) [demonic ancestry]
  3552 | D:5      | Reached XP level 7. HP: 55/55 MP: 7/7
  3660 | D:5      | Found a runed translucent gate.
  3660 | D:5      | Found a runed translucent gate.
  3660 | D:5      | Found a runed translucent gate.
  3855 | D:5      | Found a blossoming altar of Fedhas.
  3902 | D:5      | Noticed knightboat's ghost (weakling TrDe)
  3902 | D:5      | Noticed knightboat's ghost (novice DsMo)
  4138 | D:6      | Noticed a wyvern
  4146 | D:6      | Killed a wyvern
  4147 | D:6      | Reached skill level 5 in Fighting
  4266 | D:6      | Noticed Eustachio
  4303 | D:6      | Killed Eustachio
  4304 | D:6      | Reached skill level 1 in Spellcasting
  4304 | D:6      | Reached skill level 2 in Necromancy
  4304 | D:6      | Gained mutation: You are mostly covered in sharp spines.
                  | [demonic ancestry]
  4304 | D:6      | Reached XP level 8. HP: 62/62 MP: 7/9
  4421 | D:6      | Reached skill level 3 in Necromancy
  4808 | D:6      | Noticed Jeremiah
  5002 | D:6      | Killed Jeremiah
  5003 | D:6      | Reached skill level 4 in Necromancy
  5257 | D:7      | Reached skill level 5 in Necromancy
  5391 | D:7      | Reached XP level 9. HP: 58/71 MP: 13/13
  5433 | D:7      | Found a staircase to the Ecumenical Temple.
  5451 | Temple   | Entered the Ecumenical Temple
  5459 | Temple   | Became a worshipper of Hepliaklqana the Forgotten
  5504 | D:7      | Reached skill level 6 in Necromancy
  6330 | D:8      | Found a radiant altar of Vehumet.
  6342 | D:8      | Found a snail-covered altar of Cheibriados.
  6366 | D:8      | Reached skill level 7 in Necromancy
  6419 | D:8      | Found a shimmering altar of Xom.
  6425 | D:8      | Paralysed by a hornet for 1 turns
  6440 | D:8      | Reached skill level 8 in Necromancy
  6523 | D:8      | Reached skill level 5 in Spellcasting
  6723 | D:8      | Reached XP level 10. HP: 73/80 MP: 17/17
  6753 | D:8      | Found a staircase to the Lair.
  6785 | D:8      | Found Meatun's Armour Boutique.
  6856 | D:8      | Found an iron altar of Okawaru.
  6856 | D:8      | Found a sacrificial altar of Ru.
  6885 | D:8      | Reached skill level 9 in Necromancy
  6938 | D:8      | Learned a level 4 spell: Animate Dead
  6974 | D:8      | Reached * piety under Hepliaklqana
  7031 | D:8      | Paralysed by a hornet for 3 turns
  7032 | D:8      | Noticed a seven-headed hydra
  7294 | D:9      | Noticed a manticore
  7307 | D:9      | Killed a manticore
  7414 | D:9      | Identified a scroll of acquirement
  7414 | D:9      | Acquired the ring "Xumateask" {rPois rF++ rCorr Int+3}
  7431 | D:9      | Reached skill level 10 in Necromancy
  7483 | D:9      | Found a bloodstained altar of Trog.
  7487 | D:9      | Found a shadowy altar of Dithmenos.
  7491 | D:9      | Found a hide-covered altar of Uskayaw.
  7624 | D:9      | Reached skill level 1 in Armour
  8019 | D:9      | Identified the +0 leather armour of Weastue {-Tele +Inv
                  | rC+++ Regen+}
  8060 | D:9      | Found a shimmering blue altar of Sif Muna.
  8280 | D:8      | Killed an 11-headed hydra
  8492 | D:10     | Entered Level 10 of the Dungeon
  8523 | D:10     | Gained mutation: You have large cloven feet. [demonic
                  | ancestry]
  8523 | D:10     | Reached XP level 11. HP: 71/80 MP: 20/20
  8535 | D:10     | Reached skill level 5 in Polearms
  8636 | D:10     | Found Zogicag's Antique Armour Emporium.
  8645 | D:10     | Bought an ichor-stained scale mail for 225 gold pieces
  8645 | D:10     | Identified the +5 scale mail of the Ecumenical Temple {rN+
                  | Str+3 Int+2 Stlth-} (You bought it in a shop on level 10 of
                  | the Dungeon)
  8647 | D:10     | Noticed a two-headed ogre
  8658 | D:10     | Killed a two-headed ogre
  8859 | D:10     | Found Guzxicki's Book Shop.
  8993 | D:10     | Reached skill level 10 in Fighting
  9159 | D:10     | Found Eclurphoa's Assorted Antiques.
  9165 | D:10     | Noticed a two-headed ogre
  9329 | D:10     | Killed a two-headed ogre
  9348 | D:10     | Bought a scroll of enchant weapon for 180 gold pieces
  9476 | D:10     | Found Laxtip's Armour Shoppe.
  9621 | D:10     | Noticed Joseph
  9626 | D:10     | Killed Joseph
  9627 | D:10     | Reached skill level 5 in Armour
  9828 | D:10     | Found Xyxkon's Weapon Shoppe.
 10034 | D:10     | Found an ancient bone altar of Kikubaaqudgha.
 10207 | D:11     | Reached XP level 12. HP: 87/87 MP: 17/21
 10318 | D:11     | Reached ** piety under Hepliaklqana
 10319 | D:11     | Remembered your ancestor Publia as a knight
 10602 | D:11     | Noticed a two-headed ogre
 10610 | D:11     | Killed a two-headed ogre
 11217 | D:12     | Noticed a two-headed ogre
 11225 | D:12     | Killed a two-headed ogre
 11226 | D:12     | Reached skill level 1 in Evocations
 11323 | D:12     | Found a staircase to the Orcish Mines.
 11549 | D:12     | Found a basalt altar of Yredelemnul.
 11573 | D:12     | Noticed a centaur warrior
 11583 | D:12     | Killed a centaur warrior
 11893 | D:13     | Noticed a centaur warrior
 11900 | D:13     | Noticed Snorg
 11901 | D:13     | Killed a centaur warrior
 11921 | D:12     | Killed Snorg
 11922 | D:12     | Reached skill level 5 in Evocations
 12119 | D:13     | Noticed a vault guard
 12126 | D:13     | Noticed a vault guard
 12139 | D:13     | Killed a vault guard
 12142 | D:13     | Killed a vault guard
 12146 | D:13     | Noticed a vault guard
 12158 | D:13     | Killed a vault guard
 12251 | D:13     | Noticed a vault guard
 12262 | D:13     | Killed a vault guard
 12284 | D:13     | Learned a level 4 spell: Martyr's Knell
 12295 | D:13     | Reached skill level 1 in Summonings
 12367 | D:13     | Noticed a vault guard
 12374 | D:13     | Noticed a vault guard
 12376 | D:13     | Killed a vault guard
 12377 | D:13     | Reached XP level 13. HP: 76/92 MP: 22/22
 12612 | D:13     | Found a gate to the Vaults.
 12686 | D:13     | Reached skill level 5 in Summonings
 12740 | D:13     | Reached *** piety under Hepliaklqana
 13624 | D:14     | Found a gate leading to a gauntlet.
 13637 | Gauntlet | Entered a Gauntlet
 13637 | Gauntlet | Found a transporter.
 13637 | Gauntlet | Found a transporter.
 13637 | Gauntlet | Found a transporter.
 13653 | Gauntlet | Found a transporter.
 13657 | Gauntlet | Found a transporter.
 13669 | Gauntlet | Found a transporter.
 13671 | Gauntlet | Found a transporter.
 13677 | Gauntlet | Noticed a quicksilver ooze
 13681 | Gauntlet | Found a transporter.
 13702 | Gauntlet | Found a transporter.
 13719 | Gauntlet | Found a transporter.
 13723 | Gauntlet | Found a transporter.
 13733 | Gauntlet | Found a transporter.
 13851 | Gauntlet | Killed a quicksilver ooze
 13862 | Gauntlet | Identified the +1 pair of boots of the New World {Harm
                  | Rampage Regen+ Int-2}
 13912 | Gauntlet | Identified the ring "Keaf" {Wiz Str+4}
 13924 | Gauntlet | Identified the +2 chain mail "Opafepiydgh" {+Blink rF+ rC+
                  | Str-3}
 13924 | Gauntlet | Identified the +0 buckler "Koet" {Str+7}
 13924 | Gauntlet | Noticed a minotaur
 13941 | Gauntlet | Killed a minotaur
 13953 | Gauntlet | Got Sif Muna's Encyclopedia of the Syncline
 13987 | Gauntlet | Identified the +4 chain mail "Ukhluxa" {Int+3 Dex-2}
 14135 | D:14     | Reached **** piety under Hepliaklqana
 14240 | D:14     | Found a sacrificial altar of Ru.
 14470 | D:15     | Entered Level 15 of the Dungeon
 14470 | D:15     | Found Optetiargh's Magic Scroll Boutique.
 14489 | D:15     | Bought a scroll of acquirement for 676 gold pieces
 14490 | D:15     | Acquired a +3 antimagic demon trident
 14594 | D:15     | Found a hide-covered altar of Uskayaw.
 14606 | D:15     | Noticed a fire dragon
 14625 | D:15     | Killed a fire dragon
 14626 | D:15     | Reached skill level 10 in Polearms
 14691 | D:15     | Found Gotuahu's Book Boutique.
 14695 | D:15     | Found Taecw's Distillery.
 14900 | D:15     | Reached XP level 14. HP: 76/99 MP: 3/23
 15092 | D:15     | Reached skill level 10 in Armour
 15171 | D:15     | Found Sugreum's Magic Scroll Boutique.
 15213 | D:15     | Found a staircase to the Depths.
 15340 | D:15     | Found Cusairet's Jewellery Emporium.
 15409 | D:15     | Identified the +3 short sword "Vak Zat" {venom, rPois rC+
                  | rCorr Str+3}
 15439 | D:15     | Reached skill level 1 in Invocations
 15685 | Lair:1   | Entered Level 1 of the Lair of Beasts
 15868 | Lair:1   | Noticed Grum
 15873 | Lair:1   | Killed Grum
 15998 | Lair:1   | Reached skill level 5 in Invocations
 16017 | Lair:1   | Reached ***** piety under Hepliaklqana
 16267 | Lair:1   | Noticed Sonja
 16276 | Lair:1   | Killed Sonja
 16721 | Lair:2   | Found a hole to the Spider Nest.
 16830 | Lair:2   | Found a frozen archway.
 16850 | IceCv    | Entered an ice cave
 16918 | IceCv    | Found a transporter.
 16928 | IceCv    | Found a transporter.
 16952 | IceCv    | Reached skill level 1 in Shields
 17062 | Lair:2   | Found the +4 skin of Zhor {*Englaciate rC+++ SInv}
 17090 | Lair:2   | Identified the +5 scale mail "Wuffistresu" {+Blink Fly rC+
                  | SInv}
 17729 | Lair:2   | Found a staircase to the Swamp.
 18060 | Lair:3   | Found a runed translucent door.
 18060 | Lair:3   | Noticed Newt's ghost (journeyman KoHu)
 18122 | Lair:3   | Killed Newt's ghost
 18637 | Lair:4   | Gained mutation: You have hoof-like feet. [demonic
                  | ancestry]
 18637 | Lair:4   | Reached XP level 15. HP: 89/105 MP: 0/24
 19018 | Lair:4   | Reached skill level 5 in Shields
 19074 | Lair:4   | Found a staircase to the Slime Pits.
 19522 | Lair:5   | Entered Level 5 of the Lair of Beasts
 19913 | Lair:5   | Noticed Josephine
 19923 | Lair:5   | Killed Josephine
 20193 | Lair:5   | Reached ****** piety under Hepliaklqana
 21103 | Lair:5   | Identified the +9 dagger of Impermanence {protect, *Rage
                  | Str+5}
 21580 | Orc:1    | Entered Level 1 of the Orcish Mines
 21655 | Orc:1    | Found Aeerish's Alliterative Armaments.
 21919 | Orc:2    | Entered Level 2 of the Orcish Mines
 21921 | Orc:2    | Found a staircase to the Elven Halls.
 22553 | Orc:2    | Reached XP level 16. HP: 116/116 MP: 6/25
 22561 | Orc:2    | Found Udemn's Antique Armour Shoppe.
 22561 | Orc:2    | Found Tumagh's Assorted Antiques.
 22567 | Orc:2    | Found Teyf's Jewellery Emporium.
 22574 | Orc:2    | Found Zeapp's Antique Weapon Emporium.
 22775 | Orc:2    | Bought a potion of might for 116 gold pieces
 23029 | D:10     | Bought a scroll of acquirement for 1248 gold pieces
 23042 | D:10     | Acquired 1009 gold pieces
 23159 | D:15     | Bought the ring "Ukusun" {rF++ rN+ Str-4 Slay+6} for 796
                  | gold pieces
 23436 | Swamp:1  | Entered Level 1 of the Swamp
 23632 | Swamp:1  | Reached skill level 10 in Shields
 24383 | Swamp:2  | Found a transporter.
 24516 | Swamp:2  | Found a transporter.
 24521 | Swamp:2  | Noticed Bith's ghost (adept GnWn)
 24556 | Swamp:2  | Reached skill level 11 in Necromancy
 24605 | Swamp:2  | Killed Bith's ghost
 25479 | Swamp:4  | Entered Level 4 of the Swamp
 25684 | Swamp:4  | Reached skill level 12 in Necromancy
 25755 | Swamp:4  | Noticed a thorn hunter
 25766 | Swamp:4  | Killed a thorn hunter
 25773 | Swamp:4  | Reached skill level 10 in Spellcasting
 25925 | Swamp:4  | Got a decaying rune of Zot
 26503 | D:15     | Bought a scroll of enchant weapon for 142 gold pieces
 26503 | D:15     | Bought a scroll of enchant weapon for 142 gold pieces
 26830 | D:8      | Bought the +0 pair of fencer's gloves {Riposte Dex+3} for
                  | 640 gold pieces
 26830 | D:8      | Found the +0 pair of fencer's gloves {Riposte Dex+3}
 26947 | Spider:1 | Entered Level 1 of the Spider Nest
 26984 | Spider:1 | Reached XP level 17. HP: 121/121 MP: 31/31
 27043 | Spider:1 | Reached skill level 13 in Necromancy
 27894 | Spider:1 | Noticed Asterion
 27906 | Spider:1 | Killed Asterion
 27907 | Spider:1 | Reached skill level 14 in Necromancy
 28014 | Spider:1 | Identified the +3 robe of Ucsipril {Int+2}
 28334 | Spider:2 | Reached skill level 15 in Necromancy
 29165 | Spider:2 | Reached skill level 16 in Necromancy
 29916 | Spider:3 | Noticed Arachne
 29984 | Spider:3 | Learned a level 5 spell: Curse of Agony
 30008 | Spider:3 | Noticed Mara
 30011 | Spider:3 | Noticed Mara
 30018 | Spider:3 | Noticed Mara
 30036 | Spider:3 | Killed Mara
 30038 | Spider:3 | Noticed Agnes
 30046 | Spider:3 | Killed Agnes
 30236 | Spider:3 | Reached skill level 17 in Necromancy
 30411 | Spider:3 | Killed Arachne
 30706 | Spider:4 | Entered Level 4 of the Spider Nest
 30828 | Spider:4 | Reached skill level 18 in Necromancy
 30828 | Spider:4 | Gained mutation: You regenerate health from kills. [demonic
                  | ancestry]
 30828 | Spider:4 | Reached XP level 18. HP: 127/127 MP: 32/32
 31574 | Spider:4 | Reached skill level 19 in Necromancy
 32088 | Spider:4 | Got a gossamer rune of Zot
 32091 | Spider:4 | Identified the +2 hat of the Baku {rElec rCorr Int-2 Dex-2}
 32112 | Spider:4 | Acquired 341 gold pieces
 32558 | Vaults:1 | Entered Level 1 of the Vaults
 32757 | Vaults:1 | Reached skill level 20 in Necromancy
 33463 | Vaults:1 | Learned a level 8 spell: Infestation
 33521 | Vaults:1 | Reached skill level 21 in Necromancy
 34044 | Vaults:2 | Reached XP level 19. HP: 102/133 MP: 24/33
 34095 | Vaults:2 | Reached skill level 22 in Necromancy
 35000 | Vaults:2 | Reached skill level 23 in Necromancy
 35698 | Vaults:3 | Noticed a bone dragon
 35711 | Vaults:3 | Reached skill level 24 in Necromancy
 35712 | Vaults:3 | Killed a bone dragon
 36708 | Vaults:3 | Gained mutation: You have hooves in place of feet. [demonic
                  | ancestry]
 36708 | Vaults:3 | Reached XP level 20. HP: 108/139 MP: 26/34
 36712 | Vaults:3 | Reached skill level 25 in Necromancy
 36731 | Vaults:3 | Learned a level 3 spell: Fugue of the Fallen
 36958 | Vaults:3 | Found a staircase to the Crypt.
 37370 | Vaults:4 | Noticed Margery
 37384 | Vaults:4 | Killed Margery
 37724 | Vaults:4 | Found Jashurea's Book Shop.
 37786 | Vaults:4 | Found Buewos's Jewellery Shop.
 38451 | Vaults:4 | Found Dosama's Jewellery Shoppe.
 38891 | Vaults:5 | Entered Level 5 of the Vaults
 39740 | Vaults:5 | Noticed an ancient lich
 39746 | Vaults:5 | Killed an ancient lich
 39760 | Vaults:5 | Identified the +4 hand axe of a Gauntlet {heavy, rElec}
 39944 | Vaults:5 | Gained mutation: You regenerate a lot of health from kills.
                  | [demonic ancestry]
 39944 | Vaults:5 | Reached XP level 21. HP: 85/146 MP: 30/38
 39964 | Vaults:5 | HP: 7/146 [war gargoyle/+3 dire flail of draining (37)]
 39964 | Vaults:5 | Slain by a war gargoyle

Illustrated notes

Levels and vault maps discovered:
D:1:      psy_arrival_basics, layout_loops_ring, shapermc_ecumenical_altar_venn
D:2:      layout_basic
D:3:      layout_loops_cross, amcnicky_altar_gilded, makhleb_altar_promises_db
D:4:      layout_rooms, nicolae_qazlal_scattered_showers, dreamdust_gnoll_farm
D:5:      layout_basic, general_overflow_altar, gammafunk_ghost_cemetery
D:6:      layout_basic, minmay_fountain_box, uniq_jeremiah, uniq_eustachio
D:7:      layout_loops_corners, minmay_temple_entry_overgrown, corner_web_ring
D:8:      layout_basic, xom_confusion_cloud, gammafunk_temple_overflow_claw,
          amethyst_overflow_temple_binary, dpeg_oklobed_lair, serial_shops,
          shop, kennysheep_island_fort
D:9:      layout_basic, nicolae_sif_muna_condensation,
          grunt_temple_overflow_diamond
D:10:     layout_loops_ring, lemuel_mausoleum_altar_kikubaaqudgha, serial_shops,
          shop, shop, nicolae_shop_trees, nicolae_shop_real_fake_doors,
          nicolae_square_shop, serial_bayou, serial_bayou_pond_e,
          serial_bayou_shore_a, serial_bayou_pond_c, serial_bayou_lagoon_a,
          serial_bayou_pond_e, serial_bayou_pond_b, uniq_joseph
D:11:     layout_stronghold, hangedman_abyss_or_decor_jellyfish_corner
D:12:     layout_irregular_city, orc_0_dummy, lemuel_zombie_altar_yredelemnul
D:13:     hangedman_cross_stitches, layout_stronghold, erik_vaults_2,
          minmay_misc_feat_columns, uniq_snorg
D:14:     layout_cave_pools, gauntlet_entry_generic, nicolae_ru_path_of_blood
D:15:     grunt_enter_depths_magical_seal, layout_loops_ring, serial_shops,
          shop, nicolae_shop_gaudy_bauble,
          nicolae_shop_temple_entry_statues_fountains, shop,
          nicolae_shop_rolled_up, eat_drink_and_be_merry_uskayaw
Temple:   nicolae_temple_little_seven
Lair:1:   layout_regular_city, uniq_sonja, uniq_grum
Lair:2:   layout_gridlike, palyth_hydra_swamp_entry, spider_nest_entry_webs,
          portal_ice_cave_entry_ice_simulacra, chequers_serial_rivers_small_b,
          hellmonk_guarded_unrand_zhor
Lair:3:   layout_misc_corridors, gammafunk_ghost_grave
Lair:4:   layout_long_grid, dpeg_slime_entry_enclosed,
          grunt_forest_small_clearing_treed
Lair:5:   wormcave, layout_regular_city, hangedman_lair_in_review,
          infiniplex_staircase_pool, lemuel_fruit_tree, uniq_josephine
Swamp:1:  layout_falls_marsh, nicolae_swamp_small_spring,
          nicolae_swamp_decorative_isthmus
Swamp:2:  layout_basic_swamp, gammafunk_ghost_mausoleum,
          nicolae_swamp_reclaimed_castle, swamp_pool_4
Swamp:3:  layout_falls_marsh, hangedman_swamp_cone
Swamp:4:  swamp, layout_basic_swamp
Spider:1: layout_cave_pods, uniq_asterion
Spider:2: layout_chambers
Spider:3: layout_spider_delve, uniq_arachne, uniq_agnes, uniq_mara
Spider:4: grunt_spider_rune_parallel
Orc:1:    layout_caves, monkooky_shop_alliterative
Orc:2:    st_orc_mages, layout_diamond_mine, library_closet
Vaults:1: nicolae_vaults_closet_pinwheel_6, nicolae_vaults_theta, v_misc_28,
          v_misc_25, nicolae_vaults_ring_of_whatevers,
          nicolae_vaults_trapezoid_1, nicolae_vaults_tetromino_T_1,
          vaults_room_hallway, ontoclasm_vaults_spin,
          nicolae_vaults_offset_grid_hallway_1, vaults_room_octagon,
          nicolae_vaults_apartment_1, nicolae_vaults_closet_pinwheel_4,
          nicolae_vaults_network_barrier, nicolae_vaults_shipping_containers_4,
          layout_vaults_maze
Vaults:2: nicolae_vaults_octothorpe, nicolae_vaults_shelves_hall,
          nicolae_vaults_border_crossing, grunt_vaults_trifunnel,
          nicolae_vaults_six-pack, nicolae_vaults_security_offices_5,
          nicolae_vaults_trapezoid_layered, v_misc_16, ontoclasm_vaults_gateway,
          vaults_room_fours, ontoclasm_vaults_twist, layout_vaults_chaotic_city
Vaults:3: ontoclasm_vaults_shuriken, hangedman_vaults_stitches,
          minmay_crypt_entry_nasty_monster, dpeg_vaults_monster_row,
          st_spiral_rooms, v_pattern_1, nicolae_vaults_prndl,
          hangedman_vaults_maws, vaults_dpeg_ring, layout_vaults_omnigrid
Vaults:4: nicolae_vaults_trapezoid_lopsided_2,
          nicolae_vaults_network_quinsquares
          [nicolae_vaults_network_quincunx_subvault,
          nicolae_vaults_network_quincunx_subvault,
          nicolae_vaults_network_quincunx_subvault,
          nicolae_vaults_network_quincunx_subvault],
          nicolae_vaults_stairing_the_circle, nicolae_vaults_steering_wheel,
          nicolae_vaults_tetromino_L_2, hangedman_vaults_snaps, v_misc_23,
          nicolae_vaults_doubleplus_tesselated,
          vaults_mumra_minichess_inversion, ontoclasm_vaults_decontamination,
          layout_vaults_omnibox, serial_shops, nicolae_diamond_shop,
          nicolae_shop_hallway_stairs, shop, uniq_margery
Vaults:5: serial_shops

Skill      XL: |  1  2  3  4  5  6  7  8  9 10 11 12 13 14 15 16 17 18 19 20 |
---------------+-------------------------------------------------------------+-----
Short Blades   | 3 4 |  4.0
Dodging        | 3 4 |  4.0
Fighting       | 3 4 5 6 7 9 10 12 13 | 13.6
Polearms       | 2 4 7 9 10 11 12 | 12.4
Stealth        | 2 3 |  3.0
Spellcasting   | 1 3 5 6 10 13 | 13.2
Necromancy     | 2 5 8 10 12 18 21 24 25 | 25.0
Armour         | 2 6 8 9 10 11 | 11.2
Evocations     | 6 8 |  8.0
Summonings     | 2 9 |  9.2
Invocations    | 9 |  9.0
Shields        | 4 9 10 | 10.0
Throwing       | |  1.7

Action                     |  1- 3 |  4- 6 |  7- 9 | 10-12 | 13-15 | 16-18 | 19-21 || total
---------------------------+-------+-------+-------+-------+-------+-------+-------++-------
  Melee: Rapier            |   108 |   207 |       |       |       |       |       ||   315
         Punch             |       |     2 |       |       |       |       |       ||     2
         Halberd           |       |    73 |   153 |   445 |   176 |       |       ||   847
         Trident           |       |       |    66 |       |       |       |       ||    66
         Demon trident     |       |       |       |       |  1034 |   948 |   527 ||  2509
         Kick              |       |       |       |       |       |       |   102 ||   102
  Throw: Throwing net      |     2 |     1 |     1 |       |       |       |       ||     4
         Javelin           |     1 |       |     1 |       |       |       |       ||     2
         Dart              |       |       |     3 |       |       |       |       ||     3
         Boomerang         |       |       |     1 |       |       |       |       ||     1
   Cast: Animate Dead      |       |       |       |     9 |    18 |    17 |    10 ||    54
         Martyr's Knell    |       |       |       |       |    26 |    39 |    24 ||    89
         Infestation       |       |       |       |       |       |     5 |    25 ||    30
         Fugue of the Fall |       |       |       |       |       |       |     6 ||     6
 Invoke: Recall Ancestor   |       |       |       |     1 |     8 |     4 |     7 ||    20
         Ancestor Life: Kn |       |       |       |     1 |       |       |       ||     1
  Evoke: Wand              |       |       |     5 |     9 |     3 |     5 |       ||    22
         Tin of tremorston |       |       |       |       |     1 |       |     4 ||     5
         Lightning rod     |       |       |       |       |       |     9 |     4 ||    13
         Sack of spiders   |       |       |       |       |       |     3 |       ||     3
         Phial of floods   |       |       |       |       |       |     2 |       ||     2
    Use: Scroll            |     2 |     9 |     5 |     9 |    10 |    17 |     7 ||    59
         Potion            |       |       |       |     3 |     2 |     9 |     6 ||    20
   Stab: Sleeping          |       |     4 |     8 |     3 |     8 |    15 |     9 ||    47
         Held in net/web   |       |     1 |       |       |       |     1 |       ||     2
         Distracted        |       |       |     1 |     3 |     9 |    24 |    24 ||    61
         Invisible         |       |       |       |       |       |       |     2 ||     2
 Armour: Leather armour    |    73 |   153 |   122 |   155 |       |       |       ||   503
         Scale mail        |       |       |       |   281 |   326 |       |       ||   607
         Animal skin       |       |       |       |       |   207 |   411 |   173 ||   791
  Dodge: Dodged            |    79 |   198 |   112 |   239 |   230 |   203 |    77 ||  1138
  Block: Other             |       |       |       |    57 |    30 |       |       ||    87
         Reflection        |       |       |       |     4 |    10 |    13 |    15 ||    42
         Buckler           |       |       |       |       |   237 |   340 |   141 ||   718
Riposte: Demon trident     |       |       |       |       |       |    98 |    59 ||   157

Table legend: (Time is in decaauts)
 A = Elapsed time spent in this place.
 B = Non-inter-level travel time spent in this place.
 C = Inter-level travel time spent in this place.
 D = Time resting spent in this place.
 E = Time spent auto-exploring this place.
 F = Levels seen in this place.
 G = Mean time per level.
                   A        B        C        D        E       F      G
               +--------+--------+--------+--------+--------+-----+--------+
         Total |  39766 |  36811 |   2955 |   6893 |  21996 |  38 | 1046.5 |
       Dungeon |  16690 |  14874 |   1816 |   2540 |   9289 |  15 | 1112.7 |
        Temple |     16 |      1 |     15 |      0 |      0 |   1 |   16.0 |
          Lair |   5798 |   5254 |    544 |    550 |   3492 |   5 | 1159.6 |
         Swamp |   2910 |   2742 |    168 |    364 |   1687 |   4 |  727.5 |
   Spider Nest |   5341 |   5122 |    219 |   1595 |   2615 |   4 | 1335.2 |
  Orcish Mines |   1343 |   1273 |     70 |    194 |    825 |   2 |  671.5 |
        Vaults |   7159 |   7038 |    121 |   1605 |   3918 |   5 | 1431.8 |
      Ice Cave |    168 |    168 |      0 |     45 |     27 |   1 |  168.0 |
      Gauntlet |    337 |    337 |      0 |      0 |    141 |   1 |  337.0 |
               +--------+--------+--------+--------+--------+-----+--------+

Top non-repeatable levels by time:
Vaults:4: 2453 daAuts
  Lair:5: 1824 daAuts
Vaults:2: 1808 daAuts
    D:10: 1724 daAuts
Spider:2: 1719 daAuts
    D:13: 1686 daAuts
Vaults:3: 1585 daAuts
Spider:4: 1537 daAuts
     D:8: 1486 daAuts
    D:12: 1434 daAuts
  Lair:2: 1428 daAuts
Spider:1: 1355 daAuts
    D:15: 1288 daAuts
     D:9: 1148 daAuts
     D:7: 1106 daAuts
